 Dungeon Crawl Stone Soup version 0.19-a0-1254-gb9c29c0 (webtiles) character file.

3532 hairmachine the Basher (level 9, 0/85 HPs)
             Began as a Minotaur Abyssal Knight on Aug 27, 2016.
             Was an Elder of Lugonu.
             Killed by a spatial distortion (3 damage)
             ... on level 8 of the Dungeon.
             The game lasted 00:17:58 (9066 turns).

hairmachine the Basher (Minotaur Abyssal Knight)    Turns: 9066, Time: 00:17:59

Health: 0/85       AC: 11    Str: 17    XL:     9   Next: 82%
Magic:  9/9        EV: 10    Int:  9    God:    Lugonu [****..]
Gold:   320        SH:  0    Dex: 13    Spells: 0 memorised, 8 levels left

rFire  . . .     SeeInvis .     G - +0 flail
rCold  . . .     Gourm    .     h - +0 scale mail
rNeg   . . .     Faith    .     (no shield)
rPois  .         Spirit   .     (helmet restricted)
rElec  .         Dismiss  .     f - +0 cloak
rCorr  .         Reflect  .     C - +0 pair of gloves
MR     .....     Harm     .     (no boots)
Stlth  ..........               (no amulet)
                                (no ring)
                                (no ring)

@: very slightly contaminated, hasted, very quick
A: retaliatory headbutt, horns 2
a: Depart the Abyss, Bend Space, Banish, Corrupt, Renounce Religion


You were on level 8 of the Dungeon.
You worshipped Lugonu.
Lugonu was greatly pleased with you.
You were hungry.

You visited 1 branch of the dungeon, and saw 8 of its levels.
You visited the Abyss 1 time.

You collected 320 gold pieces.

Inventory:

Hand Weapons
 G - a +0 flail (weapon)
Armour
 f - a +0 cloak (worn)
 h - a +0 scale mail (worn)
 C - a +0 pair of gloves (worn)
Jewellery
 i - a +4 amulet of reflection {unknown}
 F - the cursed ring of Doubts {*Contam rElec rC+ rN+ Str-3, unknown}
   (You found it on level 8 of the Dungeon)

   [ring of strength]

   It affects your strength (-3).
   It protects you from cold.
   It insulates you from electricity.
   It protects you from negative energy.
   It causes magical contamination when unequipped.
   It has a curse placed upon it.
Wands
 d - a wand of flame (31/48)
 s - a wand of lightning (11/15)
 t - a wand of paralysis (18/24)
 D - a wand of slowing (21/48)
 E - a wand of disintegration (9/24)
Scrolls
 a - a scroll of noise {unknown}
 b - 3 scrolls of teleportation
 e - 3 scrolls of magic mapping {unknown}
 k - a scroll of random uselessness {unknown}
 l - 2 scrolls of remove curse {unknown}
 o - 6 scrolls of identify
 p - a scroll of fog {unknown}
 y - a scroll of amnesia {unknown}
 A - a scroll of recharging {unknown}
Potions
 g - 2 potions of mutation
 j - a potion of magic {unknown}
 n - 2 potions of curing {unknown}
 r - a potion of agility {unknown}
 u - 3 potions of might {unknown}
 w - a potion of ambrosia {unknown}
 x - a potion of lignification {unknown}
 z - 2 potions of degeneration {unknown}
 B - a potion of cancellation {unknown}
Comestibles
 c - 5 bread rations
 m - 7 chunks of flesh
 v - 3 fruits


   Skills:
 + Level 9.6 Fighting
 + Level 11.0 Maces & Flails
 + Level 9.6 Armour
 - Level 1.1 Dodging
 - Level 1.7 Invocations


You had 8 spell levels left.
You didn't know any spells.

Dungeon Overview and Level Annotations

Branches:
Dungeon (8/15)             Temple (0/1) D:7            Lair (0/6) D:8

Altars:
Fedhas
Gozag
Makhleb


Innate Abilities, Weirdness & Mutations

You reflexively headbutt those who attack you in melee.
You have a pair of horns on your head.


Message History

The wyvern bites you!
You hit the wyvern but do no damage.
The wyvern is heavily wounded.
The wyvern bites you!
* * * LOW HITPOINT WARNING * * *
The wyvern bites you but does no damage.
You feel yourself speed up. The wyvern barely misses you.
You are very lightly contaminated with residual magic.
You are feeling hungry.
The wyvern bites you.
* * * LOW HITPOINT WARNING * * *
You see here an arrow.
Things that are here:
an uncursed dagger; an uncursed shortbow; 13 arrows
Press: ? - help, Shift-Dir - straight line, f - wyvern
Aim: a wyvern (heavily wounded, chance to defeat MR: 80%)
You fail to use your ability.
The wyvern bites you!
* * * LOW HITPOINT WARNING * * *
Space bends around you!
You blink.
You die...

#.# ##...#.# #.# #.#
#......#####'# ########.#
#..#.##....... #......#.#
#..#..+.......
##.###.#.#########
#..####....... #.#
#.#.........###..# #.......
#.# #.#########.#....#
#.[..... #.#
#.#.........#.#.## #.......
#.# #.#.####ยง..@#.#.#
#....... #.# #.#<#
#l#....#.# #....... #.#
#.######(######.###
#....... #.#
#.................#
##(##### #.#
########.########### #(#
#.# #######...........#
#)##### #.#
#.....#.......###.# #cho...
#.#
#.....'.......'...######...
#.#
#.....#.......####...##....


You could see a wyvern.

Vanquished Creatures
  Sigmund (D:2)
  2 hungry ghosts
  2 wargs (D:8)
  Duvessa (D:7)
  An ice beast (D:7)
  3 sky beasts
  A black bear (D:8)
  An orc warrior (D:8)
  A necrophage (D:7)
  2 ogres (D:8)
  3 centaurs
  3 giant frogs (D:6)
  Dowan (D:7)
  2 scorpions
  5 wights (D:7)
  A killer bee (D:8)
  5 howler monkeys
  6 crimson imps
  4 hounds
  A giant frog skeleton (D:4)
  Jessica (D:3)
  2 iguanas
  2 orc wizards
  4 worker ants
  Natasha (twice) (D:2)
  Terence (D:2)
  A hound zombie (D:6)
  2 worker ant zombies
  2 gnolls (D:8)
  14 adders
  2 oozes
  5 worms
  2 dart slugs
  6 giant geckos
  12 orcs
  3 bats
  5 giant cockroaches
  5 goblins
  7 hobgoblins
  6 jackals
  7 quokkas
  3 ball pythons
  3 giant newts
  11 kobolds
  7 rats
161 creatures vanquished.

Notes
Turn   | Place    | Note
-------+----------+-------------------------------------------
     0 | Abyss:1  | hairmachine the Minotaur Abyssal Knight began the quest for the Orb.
     0 | Abyss:1  | Reached XP level 1. HP: 19/19 MP: 1/1
    26 | D:1      | Escaped the Abyss
   248 | D:1      | Reached skill level 3 in Maces & Flails
   304 | D:1      | Reached XP level 2. HP: 23/26 MP: 2/2
  1045 | D:2      | Reached ** piety under Lugonu
  1045 | D:2      | Reached skill level 4 in Maces & Flails
  1318 | D:2      | Reached XP level 3. HP: 28/31 MP: 3/3
  1495 | D:2      | Noticed Terence
  1504 | D:2      | Killed Terence
  1504 | D:2      | Reached skill level 5 in Maces & Flails
  1504 | D:2      | Reached XP level 4. HP: 32/39 MP: 4/4
  1603 | D:2      | Noticed Natasha
  1615 | D:2      | Killed Natasha
  1789 | D:2      | Noticed Natasha
  1798 | D:2      | Killed Natasha
  1798 | D:2      | Reached skill level 6 in Maces & Flails
  1801 | D:2      | Reached XP level 5. HP: 34/45 MP: 5/5
  1908 | D:2      | Noticed Sigmund
  2498 | D:3      | Noticed Jessica
  2502 | D:3      | Killed Jessica
  2796 | D:3      | Found a faded altar of an unknown god.
  2850 | D:3      | Reached *** piety under Lugonu
  3027 | D:3      | Reached XP level 6. HP: 52/53 MP: 6/6
  3123 | D:2      | Killed Sigmund
  3123 | D:2      | Reached skill level 5 in Fighting
  3123 | D:2      | Reached skill level 7 in Maces & Flails
  3856 | D:4      | Reached XP level 7. HP: 61/61 MP: 7/7
  4347 | D:5      | Entered Level 5 of the Dungeon
  5019 | D:6      | Reached skill level 5 in Armour
  5042 | D:6      | Reached skill level 8 in Maces & Flails
  5264 | D:6      | Reached XP level 8. HP: 42/71 MP: 8/8
  6171 | D:6      | Reached skill level 9 in Maces & Flails
  7171 | D:7      | Found an opulent altar of Gozag.
  7178 | D:7      | Found a burning altar of Makhleb.
  7312 | D:7      | Reached XP level 9. HP: 56/81 MP: 9/9
  7448 | D:7      | Found a staircase to the Ecumenical Temple.
  7653 | D:7      | Found a blossoming altar of Fedhas.
  7656 | D:7      | Noticed Duvessa
  7656 | D:7      | Noticed Dowan
  7686 | D:7      | Killed Duvessa
  7686 | D:7      | Reached skill level 10 in Maces & Flails
  7697 | D:7      | Reached **** piety under Lugonu
  7716 | D:7      | Killed Dowan
  7884 | D:8      | Got a shimmering brass ring
  8803 | D:8      | Found a staircase to the Lair.
  8986 | D:8      | Reached skill level 11 in Maces & Flails
  9065 | D:8      | HP: 3/85 [wyvern (12)]
  9066 | D:8      | Killed by a spatial distortion

Vault maps used:
D:1:      shiori_shiawase
D:2:      uniq_sigmund, uniq_natasha, uniq_terence
D:3:      ecumenical_altar_2, uniq_jessica
D:4:      first_bread
D:7:      amethyst_overflow_temple_binary, fedhas_altar_2, uniq_duvessa
D:8:      erik_lair_orcish_takeover

Skill      XL: |  1  2  3  4  5  6  7  8  9 |
---------------+----------------------------+-----
Maces & Flails | 3 4 5 6 7 8 9 11 | 11.0
Armour         | 3 4 5 7 9 |  9.6
Fighting       | 4 5 6 8 9 |  9.6
Dodging        | |  1.1
Invocations    | |  1.7

Action                   |  1- 3 |  4- 6 |  7- 9 || total
-------------------------+-------+-------+-------++-------
Melee: Mace              |    77 |   139 |   264 ||   480
       Headbutt          |     8 |    27 |    81 ||   116
       Flail             |       |       |   109 ||   109
  Use: Scroll            |       |       |     6 ||     6
       Potion            |       |       |     3 ||     3
  Eat: Chunk             |     2 |     7 |    17 ||    26
       Beef jerky        |       |       |     2 ||     2
       Meat ration       |       |       |     1 ||     1
Armor: Scale mail        |    21 |    53 |   149 ||   223
Dodge: Dodged            |    30 |    78 |   140 ||   248
